 Dungeon Crawl Stone Soup version 0.30.1-3-gfc49f6343a (webtiles) character file.

Game seed: 14119683043691432538

6511 croobank the Covert (level 11, 0/74 HPs)
             Began as an Octopode Delver on July 26, 2023.
             Was an Initiate of Gozag.
             Killed from afar by a rime drake (16 damage)
             ... with an icy flash freeze
             ... on level 10 of the Dungeon.
             The game lasted 00:44:32 (10713 turns).

croobank the Covert (Octopode Delver)              Turns: 10713, Time: 00:44:32

Health: 0/74       AC:  1    Str: 11    XL:     11   Next: 0%
Magic:  30/30      EV: 16    Int: 23    God:    Gozag
Gold:   55         SH:  0    Dex: 14    Spells: 18/23 levels left

rFire   + . .        a - +3 dagger (elec)
rCold   + . .        (no shield)
rNeg    . . .        (helmet currently unavailable)
rPois   +            o - amulet of regeneration
rElec   +            p - +6 ring of intelligence
rCorr   +            s - ring of poison resistance
SInv    .            q - ring of willpower
Will    +....        l - ring of magical power
Stlth   ++++++       (no ring)
HPRegen 1.12/turn    (no ring)
MPRegen 0.22/turn    (no ring)
                     (no ring)

%: no passive effects
@: mighty, appendages, resistant, wereblooded, studying 2 skills
A: tentacle spike 3, almost no armour, amphibious, 8 rings, camouflage 1,
gelatinous body 1, (nimble swimmer 1), tentacles
a: End Transformation, Renounce Religion, Potion Petition, Call Merchant, Bribe
Branch


You were on level 10 of the Dungeon.
You worshipped Gozag.
Gozag was noncommittal.
One of your tentacles had grown a beastly spike.
You visited 2 branches of the dungeon, and saw 11 of its levels.

You collected 714 gold pieces.
You spent 372 gold pieces at shops.
You paid 287 gold pieces to Gozag.

Inventory:

Hand Weapons
 a - a +3 dagger of electrocution (weapon)
 b - a +0 triple crossbow
 d - a +1 dagger of draining
 t - a +2 dagger of venom
 v - a +2 war axe
 w - a +0 scimitar
 y - a +2 dagger of holy wrath
 I - the +6 rapier "Adag" {heavy, *Corrode rPois Dex+5 SInv}
   (You took it off a gnoll on level 7 of the Dungeon)

   Dex:       It affects your dexterity (+5).
   rPois:     It protects you from poison.
   SInv:      It lets you see invisible.
   *Corrode:  It may corrode you when you take damage.
 O - a +4 short sword
Missiles
 i - 3 javelins
 n - 13 poisoned darts
 x - 4 curare-tipped darts (quivered)
 G - a throwing net
Armour
 D - a +0 buckler
Magical Staves
 h - a staff of fire
Jewellery
 l - a ring of magical power (on tentacle)
 o - an amulet of regeneration (around mantle)
 p - a +6 ring of intelligence (left tentacle)
 q - a ring of willpower (on tentacle)
 s - a ring of poison resistance (right tentacle)
Wands
 f - a wand of digging (3)
 u - a wand of flame (26)
 P - a wand of mindburst (6)
Scrolls
 c - 7 scrolls of teleportation
 e - 3 scrolls of blinking
 g - 4 scrolls of poison
 k - a scroll of immolation
 r - a scroll of fog
 B - 2 scrolls of magic mapping
 H - 3 scrolls of identify
 J - a scroll of vulnerability
 N - a scroll of butterflies
Potions
 m - a potion of lignification
 A - a potion of cancellation
 C - 2 potions of curing
 E - a potion of ambrosia
 F - 2 potions of might
 L - a potion of resistance
 M - 2 potions of brilliance
 Q - a potion of invisibility {unknown}


   Skills:
 + Level 6.9 Fighting
 + Level 8.4 Short Blades
 + Level 6.6 Dodging
 + Level 11.0 Stealth
 * Level 6.7 Spellcasting
 * Level 7.4 Transmutations


You had 18 spell levels left.
You knew the following spells:

 Your Spells              Type           Power      Damage    Failure   Level
a - Beastly Appendage     Tmut           84%        N/A       1%          1
b - Wereblood             Tmut           42%        N/A       1%          2
c - Blink                 Tloc           14%        N/A       12%         2

Your spell library contained the following spells:

 Spells                   Type           Power      Damage    Failure   Level
 Spider Form              Tmut/Pois      24%        N/A       5%          3
 Apportation              Tloc           14%        N/A       8%          1
 Alistair's Intoxication  Tmut/Pois      16%        N/A       43%         5
 Manifold Assault         Tloc           7%         N/A       61%         4
 Storm Form               Tmut/Air       12%        N/A       100%        7


Dungeon Overview and Level Annotations

Branches:
Dungeon (10/15)            Temple (1/1) D:7            Lair (0/5) D:10
    Orc: D:9-12

Altars:
Cheibriados
Dithmenos
Elyvilon
Fedhas
Gozag
Hepliaklqana
Kikubaaqudgha
Makhleb
Nemelex Xobeh
Okawaru
Qazlal
Ru
Sif Muna
Trog
Vehumet
Wu Jian
Xom
Yredelemnul
Zin
The Shining One

Shops:
D:4 :   D:6 *   D:9 :

Annotations:
D:7 1 runed translucent door, Crazy Yiuf


Innate Abilities, Weirdness & Mutations

One of your tentacles has grown a beastly spike.
You cannot wear most types of armour.
You are amphibious.
You can wear up to eight rings at the same time.
Your skin changes colour to match your surroundings (Stealth+).
Your rubbery body absorbs attacks. (AC +1, EV +1)
((You are camouflaged when in or above water. (Stealth+)))
You have tentacles for arms and can constrict up to eight enemies at once.


Message History

The rime drake bites you.
* * * LOW HITPOINT WARNING * * *
You feel much better. The wolf completely misses you.
The rime drake barely misses you. The wolf misses you.
You feel protected. The ice encasing you melts away. The wolf bites you.
The rime drake breathes ice at you. The icy flash freeze misses you.
You hit the rime drake but do no damage.
Your tentacle spike misses the rime drake.
Your squeeze misses the rime drake.
The rime drake is lightly wounded.
The wolf bites you. The rime drake completely misses you.
You closely miss the rime drake. Your squeeze misses the rime drake.
The rime drake is lightly wounded.
The wolf misses you. The rime drake barely misses you.
You hit the rime drake.
Your tentacle spike misses the rime drake.
The rime drake is lightly wounded.
The wolf bites you but does no damage.
You hit the rime drake.
Lightning courses through the rime drake!
Your tentacle spike misses the rime drake.
You squeeze the rime drake.
The rime drake is severely wounded.
The wolf misses you. The rime drake bites you.
You closely miss the rime drake.
You pierce the rime drake, but do no damage.
The rime drake is severely wounded.
The wolf bites you.
* * * LOW HITPOINT WARNING * * *
The rime drake bites you.
* * * LOW HITPOINT WARNING * * *
You feel very mighty all of a sudden. The wolf misses you.
The wolf closely misses you. The rime drake breathes ice at you.
The icy flash freeze hits you! You partially resist.
You die...
Your body crumbles into a pile of gold.

#...............# .........
####............# .........
##...........# ........
##...##############.....# .
#.....................# ..
#..................#..##.h
#...........<.........#... #
##........................> ##
##........k@................
.#####..........h......#....###h.
..#......................k.[.###.
..#.....................#...#.#..
..#......###...#....#..........$.
..#......#.....#..............###
..#......#.....#.................
.........#.....#...!.......#.....
.........#.....#...........#.#...


You could see a rime drake (catching breath) and a wolf.

Vanquished Creatures
  A two-headed ogre (D:9)
  A cyclops (D:7)
  Maggie (D:6)
  An unseen horror (D:10)
  A hornet (D:9)
  8 yaks (D:9)
  A steam dragon (D:6)
  Menkaure (D:7)
  2 water moccasins
  2 black bears (D:5)
  5 orc warriors (D:9)
  A wolf (D:10)
  4 ice beasts
  A phantom (D:4)
  A centaur (D:7)
  4 bullfrogs
  2 scorpions
  5 wights (D:7)
  A killer bee (D:4)
  2 howler monkeys (D:9)
  3 gnoll boudas (D:7)
  2 jellies
  3 hounds
  A sleepcap (D:6)
  9 orc priests
  Jessica (D:2)
  3 iguanas
  7 orc wizards
  Robin (D:3)
  18 gnolls
  7 adders
  2 shadow imps (D:8)
  2 white imps
  4 worms
  7 dart slugs
  49 orcs
  9 ball pythons
  7 endoplasms
  4 giant cockroaches
  10 hobgoblins
  2 jackals (D:2)
  4 quokkas
  6 bats
  3 frilled lizards
  21 goblins
  7 kobolds
  3 rats
240 creatures vanquished.

Notes
Turn   | Place    | Note
-------+----------+-------------------------------------------
     0 | D:5      | croobank the Octopode Delver began the quest for the Orb.
     0 | D:5      | Reached XP level 1. HP: 16/16 MP: 1/1
    22 | D:6      | Reached XP level 2. HP: 21/21 MP: 2/2
    40 | D:6      | Reached skill level 7 in Stealth
    40 | D:6      | Reached XP level 3. HP: 26/26 MP: 3/3
   266 | D:3      | Reached XP level 4. HP: 22/31 MP: 4/4
   369 | D:3      | Found a radiant altar of Vehumet.
   843 | D:1      | Reached XP level 5. HP: 37/37 MP: 5/5
  2110 | D:2      | Noticed Jessica
  2114 | D:2      | Killed Jessica
  2196 | D:2      | Reached XP level 6. HP: 32/43 MP: 6/6
  2281 | D:2      | Identified the +2 pair of gloves "Vituatob" {rF++ MP-9
                  | Str+4}
  2498 | D:3      | Noticed Robin
  2554 | D:3      | Killed Robin
  2750 | D:3      | Found a sparkling altar of Nemelex Xobeh.
  2955 | D:4      | Found Otwiucwu's Book Boutique.
  3195 | D:4      | Reached skill level 8 in Stealth
  3217 | D:4      | HP: 1/43 [killer bee (9)]
  3310 | D:4      | Found a snail-covered altar of Cheibriados.
  3499 | D:4      | Bought a book of Changes for 252 gold pieces
  3501 | D:4      | Learned a level 1 spell: Beastly Appendage
  3504 | D:4      | Learned a level 2 spell: Wereblood
  3560 | D:3      | Reached XP level 7. HP: 42/49 MP: 4/7
  4187 | D:5      | Reached skill level 1 in Transmutations
  4198 | D:5      | Reached skill level 1 in Spellcasting
  4936 | D:5      | Reached XP level 8. HP: 54/54 MP: 6/11
  5033 | D:5      | Found an iron altar of Okawaru.
  5108 | D:5      | Reached skill level 5 in Short Blades
  5397 | D:5      | Reached skill level 5 in Fighting
  5408 | D:5      | Learned a level 2 spell: Blink
  5454 | D:5      | Found a stormy altar of Qazlal.
  5454 | D:5      | Found a bloodstained altar of Trog.
  5671 | D:6      | Found Paghiser's Assorted Antiques.
  5674 | D:6      | Bought a scroll of identify for 48 gold pieces
  5674 | D:6      | Bought a scroll of teleportation for 72 gold pieces
  5863 | D:6      | Identified a scroll of acquirement
  5863 | D:6      | Acquired a manual of Fire Magic
  6083 | D:6      | Found a shimmering blue altar of Sif Muna.
  6091 | D:6      | Reached skill level 9 in Stealth
  6122 | D:6      | Found a hazy altar of Hepliaklqana.
  6466 | D:6      | Noticed Maggie
  6484 | D:6      | Killed Maggie
  6485 | D:6      | Reached skill level 5 in Dodging
  6485 | D:6      | Reached XP level 9. HP: 20/61 MP: 14/14
  7336 | D:7      | Noticed Menkaure
  7338 | D:7      | Killed Menkaure
  7409 | D:7      | Noticed a cyclops
  7415 | D:7      | Killed a cyclops
  7429 | D:7      | Identified the +6 rapier "Adag" {heavy, *Corrode rPois
                  | Dex+5 SInv}
  7456 | D:7      | Reached skill level 5 in Transmutations
  7722 | D:7      | Reached skill level 10 in Stealth
  7722 | D:7      | Reached skill level 5 in Spellcasting
  8076 | D:7      | Found a staircase to the Ecumenical Temple.
  8082 | Temple   | Entered the Ecumenical Temple
  8292 | D:7      | Found a runed translucent door.
  8293 | D:7      | Noticed Crazy Yiuf
  8438 | D:8      | Found a shadowy altar of Dithmenos.
  8438 | D:8      | Found a sacrificial altar of Ru.
  8631 | D:8      | Reached XP level 10. HP: 64/68 MP: 17/17
  9331 | D:9      | Found Koar's Vocational Training.
  9368 | D:9      | Found a burning altar of Makhleb.
  9540 | D:9      | Found a white marble altar of Elyvilon.
 10123 | D:9      | Noticed a two-headed ogre
 10136 | D:9      | Killed a two-headed ogre
 10188 | D:10     | Entered Level 10 of the Dungeon
 10253 | D:10     | Reached skill level 11 in Stealth
 10254 | D:10     | Found a staircase to the Lair.
 10272 | D:10     | Noticed a purple ugly thing
 10455 | Temple   | Became a worshipper of Gozag Ym Sagoz the Greedy
 10674 | D:10     | Killed an unseen horror
 10675 | D:10     | Reached XP level 11. HP: 58/74 MP: 21/21
 10713 | D:10     | Killed from afar by a rime drake

Illustrated notes

Levels and vault maps discovered:
D:1:      dpeg_arrival_rooms_with_view, layout_basic, kennysheep_another_room,
          chequers_jeans
D:2:      layout_basic, uniq_jessica
D:3:      layout_rooms, lemuel_coloured_pillars_altar,
          mainiacjoe_overflow_24_doors, hangedman_decor_clover_reticule,
          uniq_robin
D:4:      layout_layer_cave, amcnicky_altar_gilded, serial_shops,
          nicolae_shop_peninsula, minmay_manual_macuahuitl
D:5:      layout_basic, gammafunk_temple_overflow_pools,
          nicolae_overflow_hidden_temple
D:6:      layout_basic, mainiacjoe_overflow_paths, mainiacjoe_overflow_chevrons,
          serial_shops, nicolae_shop_tiny_real_fake_doors, uniq_maggie
D:7:      layout_cave_pods, minmay_temple_entry_enclosed_plants,
          uniq_crazy_yiuf_cottage, uniq_menkaure
D:8:      layout_basic, chequers_temple_overflow_statue_of_worship
D:9:      layout_roguey [special_room_orc], nicolae_overflow_crystal_walls,
          elyvilon_altar_3, nicolae_shop_vocational
D:10:     layout_grid_maze, lemuel_round_altar, nicolae_ashenzari_skybound,
          hellmonk_lair_entry_icy
Temple:   hellmonk_temple_flake

Skill      XL: |  1  2  3  4  5  6  7  8  9 10 |
---------------+-------------------------------+-----
Stealth        | 7 8 9 10 11 | 11.0
Short Blades   | 3 4 6 7 8 |  8.4
Dodging        | 3 4 5 6 |  6.6
Fighting       | 4 5 6 |  6.9
Transmutations | 2 4 5 7 |  7.4
Spellcasting   | 2 3 5 6 |  6.7

Action                     |  1- 3 |  4- 6 |  7- 9 | 10-12 || total
---------------------------+-------+-------+-------+-------++-------
  Melee: Short sword       |    28 |   157 |       |       ||   185
         Constrict         |     6 |    50 |    36 |    18 ||   110
         Tentacles         |     5 |    43 |    35 |    26 ||   109
         Punch             |       |     2 |       |     1 ||     3
         Dagger            |       |    60 |   149 |   128 ||   337
         Kick              |       |     1 |    45 |    44 ||    90
   Fire: Triple crossbow   |       |       |    60 |       ||    60
  Throw: Javelin           |       |     2 |       |       ||     2
         Dart              |       |       |     2 |     2 ||     4
   Cast: Beastly Appendage |       |     1 |    14 |    12 ||    27
         Wereblood         |       |     1 |    14 |    10 ||    25
         Blink             |       |       |     1 |       ||     1
  Evoke: Wand              |       |       |       |     4 ||     4
    Use: Scroll            |     2 |       |    19 |     4 ||    25
         Potion            |     1 |     2 |     2 |     8 ||    13
   Stab: Sleeping          |     4 |    19 |     7 |     3 ||    33
         Distracted        |     1 |       |       |       ||     1
 Armour: Skin              |     2 |     6 |     6 |     6 ||    20
  Dodge: Dodged            |     8 |   124 |    94 |    81 ||   307
